 Dungeon Crawl Stone Soup version 0.31-a0-700-gf13585253f (webtiles) character file.

Game seed: 12893846488289594726

8957 Xavori the Covert (level 11, -1/74 HPs)
             Began as an Octopode Chaos Knight on Sept 7, 2023.
             Was a Plaything of Xom.
             Killed by nerve-wracking pain
             ... invoked by an orc priest
              (10 damage)
             ... on level 10 of the Dungeon.
             The game lasted 00:12:17 (28654 turns).

Xavori the Covert (Octopode Chaos Knight)          Turns: 28654, Time: 00:12:17

Health: -1/74      AC:  3    Str: 15    XL:     11   Next: 39%
Magic:  12/12      EV: 17    Int: 19    God:    Xom [*.....]
Gold:   752        SH:  0    Dex: 20    Spells: 10/10 levels left

rFire   . . .        H - +2 dagger (venom)
rCold   x . .        (no shield)
rNeg    . . .        I - +2 hat
rPois   +            u - amulet of regeneration
rElec   .            c - +4 ring of slaying
rCorr   .            (no ring)
SInv    .            y - +6 ring of strength
Will    .....        D - ring of poison resistance
Stlth   +++++++      B - +6 ring of intelligence
HPRegen 1.12/turn    (no ring)
MPRegen 0.13/turn    (no ring)
                     (no ring)

%: no passive effects
@: slowed, very slow
A: almost no armour, amphibious, 8 rings, camouflage 1, gelatinous body 1,
(nimble swimmer 1), tentacles, beak, tentacle spike 2, agile 1, high MP 1, sense
surroundings 3, weak 1, cold vulnerability 1
a: Renounce Religion


You were on level 10 of the Dungeon.
You worshipped Xom.
You were a special plaything of Xom.
You visited 1 branch of the dungeon, and saw 10 of its levels.
You also visited: Sewer.

You collected 752 gold pieces.

Inventory:

Hand Weapons
 a - a +0 short sword of chaos
 H - a +2 dagger of venom (weapon)
Missiles
 j - 2 throwing nets
Armour
 I - a +2 hat (worn)
Jewellery
 c - a +4 ring of slaying (left tentacle)
 e - a ring of flight
 u - an amulet of regeneration (around mantle)
 v - an amulet of the acrobat
 y - a +6 ring of strength (on tentacle)
 B - a +6 ring of intelligence (on tentacle)
 D - a ring of poison resistance (on tentacle)
 E - a ring of wizardry
Wands
 h - a wand of acid (4)
 k - a wand of mindburst (14)
 t - a wand of flame (38)
 x - a wand of polymorph (9)
 F - a wand of paralysis (8)
Scrolls
 b - a scroll of butterflies
 f - 6 scrolls of teleportation
 i - 2 scrolls of revelation
 n - a scroll of fear
 o - 4 scrolls of enchant armour {unknown}
 q - a scroll of blinking
 s - a scroll of amnesia
 z - 3 scrolls of vulnerability
 C - a scroll of enchant weapon
Potions
 d - a potion of curing
 g - a potion of mutation {unknown}
 l - a potion of berserk rage {unknown}
 m - 2 potions of invisibility {unknown}
 p - 2 potions of might
 w - a potion of ambrosia {unknown}
 A - a potion of haste {unknown}
 G - a potion of lignification {unknown}
Miscellaneous
 r - a condenser vane


   Skills:
 + Level 6.9 Fighting
 + Level 8.8 Short Blades
 + Level 5.8 Dodging
 + Level 14.7 Stealth
 * Level 8.3 Evocations


You had 10 spell levels left.
You didn't know any spells.
Your spell library contained the following spells:

 Spells                   Type           Power      Damage    Failure   Level
 Magic Dart               Conj           0%         1d3       21%         1
 Sting                    Tmut/Pois      0%         1d3       21%         1
 Call Imp                 Summ           0%         N/A       30%         2
 Cigotuvi's Dreadful Rot  Necr/Pois/Air  0%         N/A       30%         2
 Poisonous Vapours        Pois/Air       0%         N/A       30%         2
 Sublimation of Blood     Necr           0%         N/A       30%         2
 Wereblood                Tmut           0%         N/A       30%         2
 Frozen Ramparts          Ice            0%         1d1       52%         3
 Mephitic Cloud           Conj/Pois/Air  0%         N/A       52%         3
 Tukima's Dance           Hex            0%         N/A       52%         3
 Dispel Undead            Necr           0%         3d6       90%         4
 Olgreb's Toxic Radiance  Pois           0%         N/A       90%         4
 Passage of Golubria      Tloc           0%         N/A       90%         4
 Petrify                  Tmut/Erth      0%         N/A       90%         4
 Metabolic Englaciation   Hex/Ice        0%         N/A       99%         5
 Yara's Violent Unravell  Hex/Tmut       0%         3d3       99%         5
 Death Channel            Necr           0%         N/A       100%        6
 Summon Hydra             Summ           0%         N/A       100%        7


Dungeon Overview and Level Annotations

Branches:
Dungeon (10/15)            Temple (0/1) D:6           Sewer (visited)
   Lair: D:8-11         Orc: D:9-12

Altars:
Ashenzari
Elyvilon
Hepliaklqana
Qazlal
Sif Muna
Trog
Vehumet
Wu Jian
Xom
Yredelemnul
Zin
The Shining One


Innate Abilities, Weirdness & Mutations

You cannot wear most types of armour.
You are amphibious.
You can wear up to eight rings at the same time.
Your skin changes colour to match your surroundings (Stealth+).
Your rubbery body absorbs attacks. (AC +1, EV +1)
((You are camouflaged when in or above water. (Stealth+)))
You have tentacles for arms and can constrict up to eight enemies at once.
You have a beak for a mouth.
One of your tentacles bears a nasty spike.
You are agile. (Dex +4, Str/Int -1)
You have an increased reservoir of magic. (+10% MP)
You passively map a large area around you.
You are weak. (Str -2)
You are vulnerable to cold. (rC-)


Message History

Your butterfly degenerates into a cloud of primal chaos!
As you read the scroll of fear, it crumbles to dust.
You assume a fearsome visage.
The crimson imp looks frightened!
The white imp looks frightened!
The ufetubus looks frightened!
The wraith is unaffected.
Xom titters.
The crimson imp looks rather confused.
The white imp looks rather confused.
The ufetubus looks rather confused.
The wraith looks rather confused.
The ufetubus hits the wraith but does no damage.
The ufetubus hits the wraith.
Something hits the centaur!
The wraith completely misses you.
The orc priest is engulfed in seething chaos.
The orc priest seems to slow down.
The orc priest is no longer moving slowly.
The white imp hits itself but does no damage.
The ufetubus barely misses the centaur.
The ufetubus hits the centaur but does no damage.
Okay, then.
Aiming: Corrosive Bolt
Press: ? - help, Shift-Dir - straight line The bolt of acid hits the wraith!
You destroy the wraith!
The bolt of acid hits the centaur!!
The acid corrodes the centaur!
You kill the centaur!
The bolt of acid hits the white imp!!
The acid corrodes the white imp!
You kill the white imp!
The white imp disappears in a puff of smoke!
Unknown command.
Unknown command.
The orc priest hits you but does no damage.
The wraith barely misses the wraith.
The orc priest hits you with a +0 dagger.
* * * LOW HITPOINT WARNING * * *
There is a stone staircase leading up here.
Unknown command.
The wraith hits something!
The wraith drains something's vigour!
The orc priest mumbles some strange prayers to Beogh against you.
Pain shoots through your body!
You die...
Xom roars with laughter!

# * , #.......<..).....#
##..#####................#
.+...........##'####.....#
##...........#.....#.....#
#............#5....#..####
#............#.....#5$#
#.....>......#.....WWo#
.............'.....#..#
≈≈≈≈≈≈≈≈.....#..@..#Wc#
≈≈≈≈≈≈≈≈.....#...o.#5b#
######≈≈.....#.....#ob. ,
~ #≈≈.#...#.....#..Y# * ,,
#≈≈.#)..#.....'...Y ,
#≈≈.#...#.....#.....
#≈≈.....#.....#......
,#≈≈.#..)#######...... *
###≈≈.#......... ,


You could see 2 wraiths, an orc priest, an orc wizard, a quasit (summoned) and a
crimson imp (summoned, confused, fleeing).

Vanquished Creatures
  Gastronok (D:9)
  Josephine (D:10)
  3 two-headed ogres
  A centaur warrior (D:9)
  Jeremiah (D:6)
  A shadow (D:7)
  A wyvern (D:8)
  2 wraiths (D:10)
  A steam dragon (D:9)
  Menkaure (D:7)
  An acid dragon (D:8)
  2 sky beasts (D:8)
  A black bear (D:6)
  9 orc warriors
  3 ice beasts
  5 ogres
  A centaur (D:10)
  2 phantoms
  3 bullfrogs
  2 scorpions
  8 wights
  2 hounds (D:6)
  A jelly (D:6)
  Crazy Yiuf (D:2)
  5 orc priests
  A sleepcap (D:7)
  5 iguanas
  10 orc wizards
  3 gnolls (D:8)
  10 adders
  3 ufetubi
  A worm (D:4)
  2 dart slugs
  38 orcs
  16 endoplasms
  7 giant cockroaches
  8 goblins
  10 hobgoblins
  5 jackals
  8 quokkas
  15 ball pythons
  7 bats
  15 frilled lizards
  12 kobolds
  6 rats
241 creatures vanquished.

Vanquished Creatures (others)
  An orc (D:8)
1 creature vanquished.

Grand Total: 242 creatures vanquished

Notes
Turn   | Place    | Note
-------+----------+-------------------------------------------
     0 | D:1      | Xavori the Octopode Chaos Knight began the quest for the
                  | Orb.
     0 | D:1      | Reached XP level 1. HP: 16/16 MP: 1/1
   175 | D:1      | Reached XP level 2. HP: 21/21 MP: 2/2
   285 | D:1      | XOM: 2-stop teleportation journey
   365 | D:1      | XOM: divination: detect items
   627 | D:1      | XOM: silly message
  1499 | D:1      | XOM: silly message
  2117 | D:1      | XOM: summons 2 hostile demons
  2302 | D:2      | Found a runed translucent door.
  2302 | D:2      | Noticed Crazy Yiuf
  2302 | D:2      | XOM: 5-stop teleportation journey
  2303 | D:2      | Killed Crazy Yiuf
  2304 | D:2      | Reached skill level 1 in Stealth
  2304 | D:2      | Reached XP level 3. HP: 26/26 MP: 3/3
  2365 | D:2      | Reached XP level 4. HP: 33/33 MP: 4/4
  2399 | D:1      | XOM: god gift: jewelled brass wand {god gift}
  2576 | D:1      | XOM is BORED!
  2681 | D:1      | XOM: give mutations
  2681 | D:1      | Gained mutation: You are occasionally teleported next to
                  | monsters. [Xom's mischief]
  2681 | D:1      | Lost mutation: You are occasionally teleported next to
                  | monsters. [Xom's mischief]
  2681 | D:1      | Gained mutation: One of your tentacles bears a spike.
                  | [Xom's mischief]
  6191 | D:1      | XOM: give mutations
  6191 | D:1      | Gained mutation: You are partially covered in iridescent
                  | scales. (AC +2) [Xom's grace]
  6191 | D:1      | Gained mutation: One of your tentacles bears a nasty spike.
                  | [Xom's grace]
  6536 | D:2      | XOM: silly message
  6562 | D:2      | XOM: divination: detect items
  6874 | D:2      | Reached skill level 2 in Stealth
  7373 | D:3      | Noticed an ogre
  7379 | D:3      | Killed an ogre
  7380 | D:3      | Reached skill level 3 in Stealth
  7380 | D:3      | Reached skill level 1 in Evocations
  7380 | D:3      | Reached XP level 5. HP: 37/37 MP: 5/5
  7446 | D:3      | XOM: divination: detect creatures
  7494 | D:3      | XOM: silly message
  7613 | D:3      | Found a glowing silver altar of Zin.
  7613 | D:3      | Found a white marble altar of Elyvilon.
  7615 | D:3      | Found a bloodstained altar of Trog.
  7880 | D:3      | Reached XP level 6. HP: 43/43 MP: 6/6
  7881 | D:3      | Reached skill level 4 in Stealth
  8166 | D:4      | Found a stormy altar of Qazlal.
  8166 | D:4      | Found a glowing golden altar of the Shining One.
  8167 | D:4      | Found a basalt altar of Yredelemnul.
  8305 | D:4      | You are sucked into a shaft and drop 1 floor!
  8305 | D:5      | Entered Level 5 of the Dungeon
  8420 | D:5      | Reached skill level 5 in Stealth
  8432 | D:5      | Found a glowing drain.
  8462 | D:5      | Reached XP level 7. HP: 45/48 MP: 7/7
  8468 | Sewer    | Entered a sewer
  8562 | Sewer    | Reached skill level 5 in Short Blades
  8734 | Sewer    | Reached skill level 6 in Stealth
  8830 | D:5      | XOM: noise
  8836 | D:5      | Found a shimmering blue altar of Sif Muna.
  8857 | D:5      | XOM: repel stairs
  8865 | D:5      | XOM: stat loss: -1 Str (11/12)
  8894 | D:4      | Reached skill level 7 in Stealth
  8921 | D:4      | Reached XP level 8. HP: 54/54 MP: 8/8
  9042 | D:4      | XOM: stat loss: -1 Int (13/14)
  9493 | D:5      | XOM: draining
  9683 | D:5      | XOM: silly message
  9749 | D:6      | XOM: silly message
  9756 | D:6      | Reached skill level 8 in Stealth
  9853 | D:6      | XOM: stat loss: -1 Int (13/14)
  9870 | D:6      | XOM: 2-stop teleportation journey
  9894 | D:6      | Noticed Jeremiah
  9903 | D:6      | Killed Jeremiah
  9904 | D:6      | Reached skill level 9 in Stealth
  9909 | D:6      | XOM: swap monsters
  9951 | D:6      | Found a staircase to the Ecumenical Temple.
  9956 | D:6      | XOM: give mutations
  9956 | D:6      | Lost mutation: You are partially covered in iridescent
                  | scales. (AC +2) [Xom's mischief]
  9956 | D:6      | Gained mutation: You are clumsy. (Dex -2) [Xom's mischief]
  9962 | D:6      | Noticed a two-headed ogre
  9969 | D:6      | Killed a two-headed ogre
  9970 | D:6      | Reached skill level 5 in Fighting
  9970 | D:6      | Reached skill level 10 in Stealth
  9970 | D:6      | Reached skill level 5 in Evocations
  9970 | D:6      | Reached XP level 9. HP: 61/61 MP: 9/9
 10235 | D:6      | Identified the +1 chain mail of Dishonesty {Regen+}
 10270 | D:6      | XOM: summons 1 hostile shadow creature
 10441 | D:7      | XOM: polymorph scorpion -> hound
 10442 | D:7      | XOM: confusion (+ monsters)
 10445 | D:6      | XOM: enchant monster (bad)
 10457 | D:6      | Reached skill level 11 in Stealth
 10756 | D:7      | Found a hazy altar of Hepliaklqana.
 10858 | D:7      | Noticed Menkaure
 10861 | D:7      | Killed Menkaure
 10944 | D:8      | Found an ornate altar of the Wu Jian Council.
 10991 | D:8      | Reached skill level 12 in Stealth
 10995 | D:8      | Reached XP level 10. HP: 60/67 MP: 10/10
 11102 | D:8      | Found a broken altar of Ashenzari.
 11300 | D:8      | Found a radiant altar of Vehumet.
 11301 | D:8      | Noticed a two-headed ogre
 11308 | D:8      | Killed a two-headed ogre
 11353 | D:8      | XOM: noise
 11425 | D:8      | XOM: confuse monster(s)
 11497 | D:8      | XOM: silly message
 11901 | D:9      | Noticed a centaur warrior
 11906 | D:9      | Killed a centaur warrior
 11907 | D:9      | Reached skill level 5 in Dodging
 11907 | D:9      | Reached skill level 13 in Stealth
 11941 | D:9      | Noticed a two-headed ogre
 11948 | D:9      | Killed a two-headed ogre
 12003 | D:9      | XOM: give mutations
 12003 | D:9      | Lost mutation: You are clumsy. (Dex -2) [Xom's mischief]
 12003 | D:9      | Gained mutation: Your spells are a little easier to cast,
                  | but a little less powerful. [Xom's mischief]
 12003 | D:9      | Gained mutation: You are vulnerable to cold. (rC-) [Xom's
                  | mischief]
 12003 | D:9      | Gained mutation: You passively map a small area around you.
                  | [Xom's mischief]
 12197 | D:9      | XOM: silly message
 12283 | D:9      | Noticed Gastronok
 12288 | D:9      | XOM: butterfly on damage
 12323 | D:9      | XOM: fog
 12369 | D:9      | XOM: 5-stop teleportation journey
 12382 | D:9      | Killed Gastronok
 12383 | D:9      | Reached skill level 14 in Stealth
 12383 | D:9      | Reached XP level 11. HP: 62/74 MP: 11/11
 13207 | D:1      | XOM: divination: detect items
 13365 | D:1      | XOM: god gift: 6 stones
 13794 | D:1      | XOM: cloud trail
 14607 | D:1      | XOM: god gift: 40 gold pieces
 14699 | D:1      | XOM: give mutation
 14699 | D:1      | Gained mutation: You are agile. (Dex +4, Str/Int -1) [Xom's
                  | grace]
 15847 | D:1      | XOM: god gift: long sword {god gift}
 15868 | D:1      | XOM: give mutation
 15868 | D:1      | Gained mutation: You passively map the area around you.
                  | [Xom's grace]
 15878 | D:1      | XOM: god gift: robe {god gift}
 15929 | D:1      | XOM: god gift: scroll of teleportation
 16062 | D:1      | XOM: god gift: Young Poisoner's Handbook
 18677 | D:1      | XOM: cloud trail
 18679 | D:1      | XOM: scenery: create altars
 19071 | D:1      | XOM: summons 6 hostile demons
 19197 | D:2      | XOM: scenery: create altars
 19206 | D:1      | XOM: give mutations
 19206 | D:1      | Gained mutation: You have an increased reservoir of magic.
                  | (+10% MP) [Xom's grace]
 19206 | D:1      | Gained mutation: You passively map a large area around you.
                  | [Xom's grace]
 19230 | D:1      | XOM: scenery: summon butterflies
 19506 | D:1      | XOM: god gift: staff of fire
 19759 | D:1      | XOM: cloud trail
 19926 | D:1      | XOM is BORED!
 19926 | D:1      | XOM: give mutations
 19926 | D:1      | Lost mutation: Your spells are a little easier to cast, but
                  | a little less powerful. [Xom's mischief]
 19926 | D:1      | Gained mutation: You are weak. (Str -2) [Xom's mischief]
 19926 | D:1      | Gained mutation: You have a beak for a mouth. [Xom's
                  | mischief]
 20178 | D:1      | XOM: cloud trail
 20243 | D:1      | XOM: god gift: scroll labelled WIUGHE ELUI {god gift}
 21412 | D:1      | XOM is BORED!
 22365 | D:1      | XOM: stat loss: -1 Dex (19/20)
 24421 | D:1      | XOM: summons 6 hostile demons
 24887 | D:1      | XOM: draining
 25104 | D:1      | XOM is BORED!
 25442 | D:1      | XOM: cloud trail
 25542 | D:1      | XOM: god gift: 18 gold pieces
 25630 | D:1      | XOM: noise
 26662 | D:1      | XOM: silly message
 26740 | D:1      | XOM: divination: detect items
 27039 | D:1      | XOM: divination: detect items
 27463 | D:1      | XOM: silly message
 27489 | D:1      | XOM: silly message
 28403 | D:10     | Entered Level 10 of the Dungeon
 28429 | D:10     | XOM: silly message
 28630 | D:10     | Noticed Josephine
 28636 | D:10     | XOM: butterfly on damage
 28639 | D:10     | Killed Josephine
 28640 | D:10     | XOM: summons 4 hostile demons
 28647 | D:10     | HP: 3/74 [wraith[Josephine] (7)]
 28650 | D:10     | XOM: confuse monster(s)
 28654 | D:10     | Killed from afar by an orc priest

Illustrated notes

Levels and vault maps discovered:
D:1:      kennysheep_arrival_seaside, layout_loops_corners, serial_forest,
          infiniplex_forest_lined_room_2, infiniplex_forest_lined_3_way,
          infiniplex_forest_clump_diagonal, infiniplex_forest_side_room,
          infiniplex_forest_clump_C, infiniplex_forest_end_2,
          infiniplex_forest_straight_2, kennysheep_another_room
D:2:      layout_loops_ring, minmay_gold_behind_fungi, uniq_crazy_yiuf_cottage
D:3:      corexii_shack_village, layout_basic, nicolae_overflow_hidden_temple
D:4:      layout_basic, chequers_temple_overflow_statue_of_worship,
          serial_aquarium, aquarium_bridge_square [aquarium_subvault_bridge,
          aquarium_subvault_bridge, aquarium_subvault_wall,
          aquarium_subvault_window], aquarium_window_corridor_3,
          aquarium_window_1, aquarium_view_2b, aquarium_view_2f,
          aquarium_balcony_1b
D:5:      layout_cave_pools, mainiacjoe_overflow_surrounded_room,
          cheibrodos_sewer_entry_sluice
D:6:      layout_basic, minmay_temple_entry_steel_oval, uniq_jeremiah
D:7:      layout_basic, nzn_hepliaklqana_mist_gate, uniq_menkaure
D:8:      layout_basic, mainiacjoe_overflow_brackets,
          nicolae_overflow_crystal_walls, nzn_wu_jian_contemplation
D:9:      layout_cave_pods, uniq_gastronok
D:10:     layout_irregular_city, xom_confusion_cloud, david_lair_generic,
          erik_orc_2, minmay_crystal_water, minivault_23, minmay_shop_chei,
          uniq_josephine

Skill      XL: |  1  2  3  4  5  6  7  8  9 10 11 |
---------------+----------------------------------+-----
Stealth        | 1 3 5 7 10 12 14 | 14.7
Short Blades   | 4 5 6 7 8 |  8.8
Evocations     | 1 2 3 5 6 7 8 |  8.3
Fighting       | 4 5 6 |  6.9
Dodging        | 3 4 5 |  5.8

Action                     |  1- 3 |  4- 6 |  7- 9 | 10-12 || total
---------------------------+-------+-------+-------+-------++-------
  Melee: Short sword       |    41 |   111 |   184 |    62 ||   398
         Constrict         |     7 |    24 |    41 |    33 ||   105
         Tentacles         |     3 |    20 |    31 |    40 ||    94
         Kick              |       |    23 |    59 |    67 ||   149
         Punch             |       |     1 |     1 |     4 ||     6
         Dagger            |       |       |       |    76 ||    76
         Peck              |       |       |       |    18 ||    18
  Evoke: Wand              |       |       |       |     1 ||     1
    Use: Scroll            |       |     3 |     1 |     7 ||    11
         Potion            |       |       |       |     3 ||     3
   Stab: Sleeping          |     6 |    11 |    24 |    10 ||    51
         Distracted        |       |       |     2 |     1 ||     3
         Petrifying        |       |       |     1 |       ||     1
         Paralysed         |       |       |     1 |       ||     1
 Armour: Skin              |     9 |    24 |    62 |    56 ||   151
  Dodge: Dodged            |    24 |    44 |    91 |    88 ||   247

Table legend: (Time is in decaauts)
 A = Elapsed time spent in this place.
 B = Non-inter-level travel time spent in this place.
 C = Inter-level travel time spent in this place.
 D = Time resting spent in this place.
 E = Time spent auto-exploring this place.
 F = Levels seen in this place.
 G = Mean time per level.
                   A        B        C        D        E       F      G
               +--------+--------+--------+--------+--------+-----+--------+
         Total |  28539 |  27846 |    693 |  20761 |   5732 |  11 | 2594.5 |
       Dungeon |  28207 |  27514 |    693 |  20761 |   5572 |  10 | 2820.7 |
         Sewer |    332 |    332 |      0 |      0 |    160 |   1 |  332.0 |
               +--------+--------+--------+--------+--------+-----+--------+

Top non-repeatable levels by time:
     D:1: 21082 daAuts
     D:2: 1445 daAuts
     D:9: 972 daAuts
     D:8: 946 daAuts
     D:3: 920 daAuts
     D:6: 840 daAuts
     D:4: 797 daAuts
     D:5: 581 daAuts
     D:7: 392 daAuts
   Sewer: 332 daAuts
    D:10: 229 daAuts
